 Dungeon Crawl Stone Soup version 0.18.1-48-g4cf74bf (webtiles) character file.

1086 MTVSty1e the Skirmisher (level 8, -1/67 HPs)
             Began as a Formicid Fighter on Aug 23, 2016.
             Was an Initiate of Okawaru.
             Slain by an orc warrior
             ... wielding a +0 battleaxe
              (15 damage)
             ... on level 6 of the Dungeon.
             The game lasted 00:11:55 (4386 turns).

MTVSty1e the Skirmisher (Formicid Fighter)          Turns: 4386, Time: 00:11:55

Health: -1/67      AC: 13    Str: 22    XL:     8   Next: 55%
Magic:  8/8        EV:  6    Int:  9    God:    Okawaru [......]
Gold:   215        SH: 10    Dex: 10    Spells: 0 memorised, 7 levels left

rFire  . . .     SeeInvis +     a - +1 quarterstaff
rCold  . . .     Gourm    .     o - +1 plate armour
rNeg   + . .     Faith    +     c - +0 shield
rPois  .         Spirit   .     (helmet unavailable)
rElec  .         Dismiss  .     (no cloak)
rCorr  .         Reflect  .     (no gloves)
SustAt .         Harm     .     (no boots)
MR     +....                    m - amulet of faith
Stlth  ..........               (no ring)
                                q - ring of positive energy

@: somewhat resistant to hostile enchantments, extremely unstealthy
A: permanent stasis, dig shafts and tunnels, four strong arms, antennae 3, magic
resistance 1, screaming 1, subdued magic 1, MP-powered wands
a: Dig, Shaft Self, Renounce Religion


You were on level 6 of the Dungeon.
You worshipped Okawaru.
Okawaru was noncommittal.
You were hungry.

You visited 2 branches of the dungeon, and saw 7 of its levels.

You collected 215 gold pieces.

Inventory:

Hand Weapons
 a - a +1 quarterstaff (weapon)
Armour
 b - a +0 scale mail
 c - a +0 shield (worn)
 o - a +1 plate armour (worn)
Jewellery
 m - an amulet of faith (around neck)
 q - a ring of positive energy (left hand)
Wands
 t - a wand of enslavement (22/24)
Scrolls
 e - a scroll of magic mapping
 i - a scroll of enchant weapon
 l - 2 scrolls of identify
 n - 3 scrolls of remove curse
Books
 d - a book of Conjurations

   Spells                             Type                      Level
   a - Magic Dart                     Conjuration                  1
   b - Searing Ray                    Conjuration                  2
   c - Dazzling Spray                 Conjuration/Hexes            3
   d - Fulminant Prism                Conjuration/Hexes            4
   e - Iskenderun's Mystic Blast      Conjuration                  4
   f - Iskenderun's Battlesphere      Conjuration/Charms           5
Comestibles
 f - 4 bread rations
 p - 3 meat rations
 s - a slice of pizza


   Skills:
 * Level 7.1 Fighting
 + Level 4.1 Staves
 + Level 5.4 Armour
 + Level 2.9 Dodging
 + Level 5.8 Shields


You had 7 spell levels left.
You didn't know any spells.

Dungeon Overview and Level Annotations

Branches:
Dungeon (6/15)             Temple (1/1) D:5

Altars:
Ashenzari
Dithmenos
Kikubaaqudgha
Nemelex Xobeh
Okawaru
Xom
The Shining One

Shops:
D:4 %


Innate Abilities, Weirdness & Mutations

You are under a permanent stasis effect.
You can dig through walls and to a lower floor.
Your four strong arms can wield two-handed weapons with a shield.
You have a pair of large antennae on your head (SInv).
You are resistant to hostile enchantments.
You occasionally shout uncontrollably at your foes.
Your spells are a little easier to cast, but a little less powerful.
You expend magic power (3 MP) to strengthen your wands.


Message History

The orc hits you.
* * * LOW HITPOINT WARNING * * *
The orc barely misses you.
You are too injured to fight recklessly!
You closely miss the orc warrior.
The orc warrior is severely wounded.
The orc warrior hits you with a battleaxe.
* * * LOW HITPOINT WARNING * * *
You closely miss the orc warrior.
The orc warrior is severely wounded.
You are feeling hungry.
The crimson imp grins evilly.
The orc warrior hits you but does no damage.
The crimson imp blinks!
You hit the orc warrior but do no damage.
The orc warrior is severely wounded.
Your plate armour prevents you from hitting the orc warrior.
The orc warrior is severely wounded.
The orc warrior hits you with a battleaxe!
You die...

#.# #.# #. #†# #.#
#. ##.##
####.####.
#...###.....<...
##.#.#.##.##.#..#.
#.##.##.#.##.#....
#.........##.#>###
#5#####.#.##.###
#@o###.##.##<#
####o#...###.####
#..o.##### #.#
#.##.# #.# #....#
#.# #.##.# #.# #
#.........#
.....####.#
.###...#


You could see an orc warrior, a crimson imp and 2 orcs.

Vanquished Creatures
  An ice beast (D:4)
  2 sky beasts
  A phantom (D:5)
  A giant frog (D:6)
  2 scorpions (D:4)
  A howler monkey (D:4)
  3 crimson imps (D:5)
  A giant frog skeleton (D:4)
  An orc wizard (D:3)
  Jessica (D:2)
  4 worker ants
  4 gnolls (D:4)
  6 adders
  6 oozes (D:1)
  6 worms
  2 dart slugs
  5 giant geckos
  7 orcs
  5 giant cockroaches
  4 goblins
  8 hobgoblins
  10 jackals
  6 kobolds
  3 quokkas
  2 ball pythons
  2 bats
  A giant cockroach zombie (D:6)
  6 giant newts
  9 rats
110 creatures vanquished.

Vanquished Creatures (others)
  A worker ant (D:5)
1 creature vanquished.

Grand Total: 111 creatures vanquished

Notes
Turn   | Place    | Note
--------------------------------------------------------------
     0 | D:1      | MTVSty1e the Formicid Fighter began the quest for the Orb.
     0 | D:1      | Reached XP level 1. HP: 18/18 MP: 1/1
     1 | D:1      | Found a runed door.
   139 | D:1      | Reached XP level 2. HP: 22/24 MP: 2/2
   407 | D:1      | Reached XP level 3. HP: 27/30 MP: 3/3
   427 | D:1      | Reached skill level 4 in Fighting
   427 | D:1      | Reached XP level 4. HP: 24/37 MP: 4/4
   943 | D:2      | Found a shimmering altar of Xom.
   944 | D:2      | Found a shimmering altar of Xom.
   951 | D:2      | Found a shimmering altar of Xom.
   967 | D:2      | Found a shimmering altar of Xom.
   974 | D:2      | Noticed Jessica
   991 | D:2      | Killed Jessica
   991 | D:2      | Reached XP level 5. HP: 33/43 MP: 5/5
  1099 | D:2      | Reached skill level 1 in Dodging
  1618 | D:3      | Noticed a sky beast
  1668 | D:3      | Killed a sky beast
  1668 | D:3      | Reached skill level 5 in Fighting
  1668 | D:3      | Reached XP level 6. HP: 29/51 MP: 6/6
  1672 | D:3      | Gained mutation: You are clumsy. (Dex -2) [mutagenic meat]
  1673 | D:3      | Gained mutation: You are resistant to hostile enchantments. [mutagenic meat]
  1674 | D:3      | Gained mutation: You occasionally shout uncontrollably at your foes. [mutagenic meat]
  2487 | D:4      | Noticed an ice beast
  2514 | D:4      | Gained mutation: Your spells are a little harder to cast, but a little more powerful. [potion of mutation]
  2535 | D:4      | Killed an ice beast
  2535 | D:4      | Reached skill level 5 in Shields
  2535 | D:4      | Reached XP level 7. HP: 16/56 MP: 7/7
  2852 | D:4      | Reached skill level 6 in Fighting
  2972 | D:4      | Gained mutation: You are robust (+10% HP). [mutagenic meat]
  2973 | D:4      | Gained mutation: You expend magic power (3 MP) to strengthen your wands. [mutagenic meat]
  2974 | D:4      | Gained mutation: Scrolls take you a little longer to read. [mutagenic meat]
  2975 | D:4      | Lost mutation: Scrolls take you a little longer to read. [mutagenic meat]
  2976 | D:4      | Lost mutation: You are robust (+10% HP). [mutagenic meat]
  3135 | D:4      | Reached skill level 5 in Armour
  3135 | D:4      | Reached XP level 8. HP: 60/65 MP: 8/8
  3335 | D:4      | Found Duphaub's Food Boutique.
  3681 | D:5      | Entered Level 5 of the Dungeon
  3942 | D:5      | Found a glowing golden altar of the Shining One.
  3942 | D:5      | Found a shattered altar of Ashenzari.
  4028 | D:5      | Found a staircase to the Ecumenical Temple.
  4038 | Temple   | Entered the Ecumenical Temple
  4042 | Temple   | Became a worshipper of Warmaster Okawaru
  4221 | D:5      | Lost mutation: Your spells are a little harder to cast, but a little more powerful. [potion of mutation]
  4221 | D:5      | Gained mutation: Your spells are a little easier to cast, but a little less powerful. [potion of mutation]
  4221 | D:5      | Lost mutation: You are clumsy. (Dex -2) [potion of mutation]
  4357 | D:6      | Reached skill level 7 in Fighting
  4386 | D:6      | Slain by an orc warrior

Skill      XL: |  1  2  3  4  5  6  7  8 |
---------------+-------------------------+-----
Shields        | 4 5 |  5.8
Fighting       | 4 5 6 7 |  7.1
Dodging        | 1 2 |  2.9
Staves         | 3 4 |  4.1
Armour         | 4 5 |  5.4

Action                   |  1- 3 |  4- 6 |  7- 9 || total
-------------------------+-------+-------+-------++-------
Melee: Quarterstaff      |    50 |   221 |   243 ||   514
 Abil: Dig               |       |     2 |       ||     2
  Use: Potion            |     1 |     6 |     3 ||    10
       Scroll            |       |     1 |     8 ||     9
  Eat: Chunk             |       |     4 |     5 ||     9
       Bread ration      |       |     1 |     1 ||     2
       Royal jelly       |       |       |     1 ||     1
Armor: Scale mail        |    18 |    39 |       ||    57
       Plate armour      |       |    66 |   134 ||   200
       Skin              |       |    10 |    12 ||    22
Dodge: Dodged            |     9 |    82 |    72 ||   163
Block: Shield            |    26 |   136 |   166 ||   328
